 Dungeon Crawl Stone Soup version 0.28.0 (webtiles) character file.

Game seed: 6969706052204582335

6 styxcanada the Stinger (level 1, 0/10 HPs)
             Began as a Deep Elf Venom Mage on Feb 7, 2022.
             Slain by a hobgoblin (1 damage)
             ... on level 1 of the Dungeon.
             The game lasted 00:01:17 (173 turns).

styxcanada the Stinger (Deep Elf Venom Mage)         Turns: 173, Time: 00:01:18

Health: 0/10       AC:  2    Str:  5    XL:     1   Next: 75%
Magic:  3/6        EV: 12    Int: 19    God:
Gold:   17         SH:  0    Dex: 15    Spells: 5/6 levels left

rFire   . . .      SeeInvis .   (no weapon)
rCold   . . .      Faith    .   (no shield)
rNeg    . . .      Spirit   .   a - +0 robe
rPois   .          Reflect  .   (no helmet)
rElec   .          Harm     .   (no cloak)
rCorr   .          Rampage  .   (no gloves)
Will    .....                   (no boots)
Stlth   ++........              (no amulet)
HPRegen 0.03/turn               (no ring)
MPRegen 0.10/turn               (no ring)

@: no status effects
A: no striking features
a: no special abilities


You were on level 1 of the Dungeon.
You visited 1 branch of the dungeon, and saw 1 of its levels.

You collected 17 gold pieces.

Inventory:

Armour
 a - a +0 robe (worn)


   Skills:
 + Level 2.4 Dodging
 * Level 2.5 Stealth
 * Level 3.1 Spellcasting
 * Level 1.2 Transmutations
 * Level 3.5 Poison Magic


You had 5 spell levels left.
You knew the following spells:

 Your Spells              Type           Power      Damage    Failure   Level
a - Sting                 Tmut/Pois      48%        1d5       5%          1

Your spell library contained the following spells:

 Spells                   Type           Power      Damage    Failure   Level
 Poisonous Vapours        Pois/Air       18%        N/A       11%         2
 Mephitic Cloud           Conj/Pois/Air  7%         N/A       28%         3
 Olgreb's Toxic Radiance  Pois           16%        N/A       34%         4


Dungeon Overview and Level Annotations

Branches:
Dungeon (1/15)

Altars:


Message History

Aiming: Sting (safe; 5% risk of failure)
Press: ? - help, Shift-Dir - straight line, f - frilled lizard
Aim: a frilled lizard (asleep, 100% to hit)
The sting hits the frilled lizard.
The frilled lizard is poisoned.
The frilled lizard is heavily wounded.
The frilled lizard hisses angrily.
The kobold throws a stone.
The stone hits you but does no damage.
Your magical contamination has completely faded away.
Casting: Sting (safe; 5% risk of failure)
Confirm with . or Enter, or press ? or * to list all spells.
Aiming: Sting (safe; 5% risk of failure)
Press: ? - help, Shift-Dir - straight line, f/p - frilled lizard
Aim: a frilled lizard (heavily wounded, poisoned, 53% to hit)
The sting hits the frilled lizard.
The frilled lizard looks even sicker.
You kill the frilled lizard!
You see here a frilled lizard corpse.
The kobold throws a stone.
The stone misses you.
The kobold throws a stone.
The stone completely misses you.
Casting: Sting (safe; 5% risk of failure)
Confirm with . or Enter, or press ? or * to list all spells.
You can't see any susceptible monsters within range! (Use Z to cast anyway.) Unknown command.
The kobold throws a stone.
The stone barely misses you.
The kobold throws a stone.
The stone barely misses you.
The kobold throws a stone.
The stone hits you.
A hobgoblin comes into view.
Found 12 stones.
A goblin comes into view. It is wielding a +0 club.
Found 16 sling bullets.
The goblin shouts!
The hobgoblin shouts!
The hobgoblin hits you.
The goblin moves out of view.
Found 26 stones.
The hobgoblin hits you but does no damage.
You barely miss the goblin. The goblin closely misses you.
The hobgoblin barely misses you.
You barely miss the goblin. The goblin misses you. The hobgoblin hits you.
Ouch! That really hurt!
* * * LOW HITPOINT WARNING * * *
You hit the goblin but do no damage. The hobgoblin hits you.
You die...

#.#######. #.#
#.
##############.#
##
#........K.†g..#
##.#############
#.# #...
##K###.###
#.....g..#
######@#(#
#...g# #.#..# #
#..# #..# #.(#
#..# #(.#


You could see a hobgoblin, a goblin and a kobold.

Vanquished Creatures
  A hobgoblin (D:1)
  2 quokkas (D:1)
  A ball python (D:1)
  2 frilled lizards (D:1)
6 creatures vanquished.

Notes
Turn   | Place    | Note
-------+----------+-------------------------------------------
     0 | D:1      | styxcanada the Deep Elf Venom Mage began the quest for the
                  | Orb.
     0 | D:1      | Reached XP level 1. HP: 10/10 MP: 6/6
   173 | D:1      | Slain by a hobgoblin

Illustrated notes

Levels and vault maps discovered:
D:1:      dpeg_arrival_round_c, layout_basic, kennysheep_nondescript,
          wad_floor_pattern_untrapped

Action                   || total
-------------------------++-------
Melee: Unarmed           ||     3
 Cast: Sting             ||    12
Armor: Robe              ||     2
Dodge: Dodged            ||    21
